 Dungeon Sprint DCSS version 0.21-a0-258-g4c0eb85 (webtiles) character file.

169 Kidiri the Ducker (level 5, 0/44 HPs)
             Began as a Demonspawn Monk on Sept 6, 2017.
             Was an Elder of Wu Jian.
             Slain by an orc warrior
             ... wielding a +0 halberd
              (28 damage)
             ... in the Dungeon (Sprint VII: "The Pits").
             The game lasted 00:02:27 (728 turns).

Kidiri the Ducker (Demonspawn Monk)                  Turns: 728, Time: 00:02:28

Health: 0/44       AC:  2    Str: 12    XL:     5   Next: 25%
Magic:  0/5        EV: 16    Int: 12    God:    Wu Jian [****..]
Gold:   0          SH:  0    Dex: 15    Spells: 4/4 levels left

rFire    . . .     SeeInvis .   a - +2 long sword (flame)
rCold    . . .     Gourm    .   (no shield)
rNeg     . . .     Faith    .   b - +0 robe
rPois    .         Spirit   +   (helmet restricted)
rElec    .         Reflect  .   (no cloak)
rCorr    .         Harm     .   (no gloves)
MR       .....     NoTele   +   (no boots)
Stlth    +++.......             (no amulet)
HPRegen  0.14/turn              (no ring)
MPRegen  0.18/turn              (no ring)

@: exhausted
A: horns 1, talons 1, magic shield, magic regeneration
a: Serpent's Lash, Renounce Religion


You were in the Dungeon.
You worshipped Wu Jian.
Wu Jian was greatly pleased with you.
You were not hungry.

You visited 1 branch

Inventory:

Hand Weapons
 a - a +2 long sword of flaming (weapon)
Armour
 b - a +0 robe (worn)
Scrolls
 i - a scroll of blinking
 k - 3 scrolls of remove curse
 l - 5 scrolls of amnesia
 m - a scroll of summoning
Potions
 d - 6 potions of curing
 e - 4 potions of heal wounds
 f - a potion of haste
 g - 4 potions of magic
 h - 3 potions of berserk rage
 j - 2 potions of invisibility
Comestibles
 c - 8 bread rations
 n - 40 fruits
 o - 7 meat rations


   Skills:
 + Level 5.0 Fighting
 * Level 5.8 Long Blades
 + Level 3.5 Armour
 * Level 5.9 Dodging
 + Level 4.3 Stealth


You had 4 spell levels left.
You didn't know any spells.

Dungeon Overview and Level Annotations

Branches:
Dungeon (1/1)

Altars:
Ashenzari
Cheibriados
Dithmenos
Elyvilon
Fedhas
Gozag
Hepliaklqana
Kikubaaqudgha
Makhleb
Nemelex Xobeh
Okawaru
Qazlal
Ru
Sif Muna
Trog
Uskayaw
Vehumet
Wu Jian
Xom
Yredelemnul
Zin
The Shining One
Beogh
Jiyva
Lugonu


Innate Abilities, Weirdness & Mutations

You have a pair of small horns on your head.
You have sharp toenails.
When hurt, damage is shared between your health and your magic reserves.
You regenerate magic rapidly.


Message History

You hit the orc warrior. You burn the orc warrior.
The orc warrior is almost dead.
The orc warrior hits you with a halberd!
You hit the orc warrior but do no damage.
The orc warrior is severely wounded.
The orc warrior barely misses you.
You riposte.
You barely miss the orc warrior.
You claw the orc warrior, but do no damage.
The orc warrior is severely wounded.
You hit the orc warrior. You burn the orc warrior.
The orc warrior is almost dead.
The orc warrior hits you with a halberd!
* * * LOW HITPOINT WARNING * * *
Unknown command.
You feel much better.
SWOOSH!
Unknown command.
The orc warrior hits you from afar with a halberd!!
Ouch! That really hurt!
You die...

############
#_________.#
#_________.#
#_______...#########
##########+##.......
#.?(.+)))+.##......#
##########.##.......
#..@.......)'.......
#o#####+#####......#
#.#...#.#[[##.......
#s#..)#.#))#####+###
#.#...+.#))##.......
#.##+####))##.......
#.#.รท...#..##.......
#.#.....#+###...<...
#.#........##.......


You could see an orc warrior.

Vanquished Creatures
  A floating eye (D)
  An orc priest (D)
  2 adders (D)
  A white imp (D)
  An ooze (D)
  An orc (D)
  A ball python (D)
  A bat skeleton (D)
  A goblin (D)
  A hobgoblin (D)
  A quokka (D)
  2 kobolds (D)
14 creatures vanquished.

Notes
Turn   | Place    | Note
-------+----------+-------------------------------------------
     0 | D        | Kidiri the Demonspawn Monk began the quest for the Orb.
     0 | D        | Reached XP level 1. HP: 18/18 MP: 1/1
    49 | D        | Found a bloodstained altar of Trog.
    49 | D        | Found a deep blue altar of Sif Muna.
    49 | D        | Found a viscous altar of Jiyva.
    49 | D        | Found a hazy altar of Hepliaklqana.
    49 | D        | Found an opulent altar of Gozag.
    50 | D        | Found a glowing golden altar of the Shining One.
    50 | D        | Found a glowing silver altar of Zin.
    50 | D        | Found a basalt altar of Yredelemnul.
    50 | D        | Found a shimmering altar of Xom.
    50 | D        | Found an ornate altar of the Wu Jian Council.
    50 | D        | Found a sacrificial altar of Ru.
    50 | D        | Found a stormy altar of Qazlal.
    50 | D        | Found an iron altar of Okawaru.
    50 | D        | Found a sparkling altar of Nemelex Xobeh.
    50 | D        | Found a burning altar of Makhleb.
    50 | D        | Found a blossoming altar of Fedhas.
    50 | D        | Found a white marble altar of Elyvilon.
    50 | D        | Found a shadowy altar of Dithmenos.
    50 | D        | Found a snail-covered altar of Cheibriados.
    52 | D        | Found a radiant altar of Vehumet.
    52 | D        | Found a corrupted altar of Lugonu.
    52 | D        | Found a roughly hewn altar of Beogh.
    53 | D        | Found a hide-covered altar of Uskayaw.
    53 | D        | Found an ancient bone altar of Kikubaaqudgha.
    53 | D        | Found a shattered altar of Ashenzari.
    61 | D        | Became a worshipper of the Wu Jian Council
    61 | D        | Reached * piety under Wu Jian
    61 | D        | Reached ** piety under Wu Jian
    86 | D        | Gained mutation: When hurt, damage is shared between your health and your magic reserves. [demonic ancestry]
    86 | D        | Reached XP level 2. HP: 10/24 MP: 2/2
   340 | D        | Reached skill level 1 in Armour
   440 | D        | Noticed a floating eye
   445 | D        | Killed a floating eye
   445 | D        | Reached *** piety under Wu Jian
   445 | D        | Reached skill level 5 in Long Blades
   445 | D        | Reached skill level 5 in Dodging
   445 | D        | Gained mutation: You have a pair of small horns on your head. [demonic ancestry]
   445 | D        | Reached XP level 3. HP: 31/31 MP: 3/3
   445 | D        | Gained mutation: You have sharp toenails. [demonic ancestry]
   445 | D        | Reached XP level 4. HP: 38/38 MP: 4/4
   513 | D        | Noticed an orc warrior
   517 | D        | Reached **** piety under Wu Jian
   520 | D        | Gained mutation: You regenerate magic rapidly. [demonic ancestry]
   520 | D        | Reached XP level 5. HP: 30/43 MP: 3/5
   521 | D        | Reached skill level 5 in Fighting
   523 | D        | HP: 2/44 [scorpion (8)]
   728 | D        | Slain by an orc warrior

Vault maps used:
D:        pitsprint

Skill      XL: |  1  2  3  4  5 |
---------------+----------------+-----
Long Blades    | 3 5 |  5.8
Dodging        | 3 5 |  5.9
Stealth        | 2 3 4 |  4.3
Armour         | 2 3 |  3.5
Fighting       | 4 5 |  5.0

Action                   |  1- 3 |  4- 6 || total
-------------------------+-------+-------++-------
Melee: Falchion          |    19 |     6 ||    25
       Long sword        |       |    28 ||    28
       Kick              |       |    11 ||    11
       Headbutt          |       |     7 ||     7
Invok: Serpent's Lash    |       |     2 ||     2
  Use: Potion            |       |     2 ||     2
 Stab: Sleeping          |     2 |       ||     2
Armor: Robe              |     2 |     2 ||     4
Dodge: Dodged            |    19 |    35 ||    54
       Rpst.: Falchion   |     5 |     1 ||     6
       Long sword        |       |     3 ||     3

Table legend:
 A = Spawn XP
 B = Non-spawn XP
 C = Spawn XP percentage of total XP
 D = Spawn monster count
 E = Non-spawn monster count
 F = Spawn count percentage of total count
 G = Total turns spent on level
                    A         B        C        D         E        F      G
               +---------+---------+-------+---------+---------+-------+---------
         Total |       0 |     242 |   0.0 |       0 |      14 |   0.0 |   728
               +---------+---------+-------+---------+---------+-------+---------
             D |       0 |     242 |   0.0 |       0 |      14 |   0.0 |   728
               +---------+---------+-------+---------+---------+-------+---------
